 Dungeon Crawl Stone Soup version 0.27-a0-46-g34d46f0a3f (webtiles) character file.

Game seed: 7271177892962675382

410 robertstho the Ogre Mage (level 6, -2/47 HPs)
             Began as an Ogre Summoner on Jan 6, 2021.
             Was an Initiate of Hepliaklqana.
             Killed by divine providence
             ... invoked by an orc priest
              (8 damage)
             ... on level 4 of the Dungeon.
             The game lasted 00:10:32 (5640 turns).

robertstho the Ogre Mage (Ogre Summoner)            Turns: 5640, Time: 00:10:33

Health: -2/47      AC:  4    Str: 13    XL:     6   Next: 89%
Magic:  15/15      EV: 12    Int: 18    God:    Hepliaklqana [......]
Gold:   201        SH:  0    Dex:  9    Spells: 4/17 levels left

rFire    . . .     SeeInvis .   h - -2 glaive (curse)
rCold    . . .     Faith    .   (shield currently unavailable)
rNeg     . . .     Spirit   .   a - +1 robe
rPois    .         Reflect  .   (helmet restricted)
rElec    .         Harm     .   (no cloak)
rCorr    .         Rampage  .   (gloves unavailable)
Will     +....                  (boots unavailable)
Stlth    +.........             (no amulet)
HPRegen  0.15/turn              (no ring)
MPRegen  0.14/turn              (no ring)

@: no status effects
A: large, unfitting armour, reduced essence, repulsion field 1, frail 1,
strong-willed 1, tough skin 1
a: Renounce Religion, Recall Ancestor, Ancestor Identity


You were on level 4 of the Dungeon.
You worshipped Hepliaklqana.
Hepliaklqana was noncommittal.
You visited 2 branches of the dungeon, and saw 5 of its levels.
You also visited: Sewer.

You collected 201 gold pieces.

Inventory:

Hand Weapons
 b - a +0 whip
 h - a cursed -2 glaive (weapon)
 n - a +0 mace
Missiles
 l - 6 curare-tipped darts
Armour
 a - a +1 robe (worn)
Scrolls
 c - a scroll of amnesia
 d - 3 scrolls of enchant armour
 e - a scroll of teleportation {unknown}
 f - a scroll of noise {unknown}
 j - a scroll of enchant weapon {unknown}
Potions
 g - a potion of heal wounds {unknown}
 i - 2 potions of might
 k - a potion of invisibility
 m - a potion of lignification


   Skills:
 * Level 2.5 Fighting
 + Level 0.5 Maces & Flails
 + Level 2.3 Dodging
 + Level 1.5 Stealth
 * Level 6.2 Spellcasting
 + Level 4.5 Summonings


You had 4 spell levels left.
You knew the following spells:

 Your Spells              Type           Power        Failure   Level
a - Summon Small Mammal   Summ           88%          1%          1
b - Call Imp              Summ           22%          2%          2
c - Call Canine Familiar  Summ           22%          5%          3
d - Summon Guardian Gole  Hex/Summ       13%          14%         3
e - Summon Ice Beast      Ice/Summ       13%          41%         4

Your spell library contained the following spells:

 Spells                   Type           Power        Failure   Level
 Summon Lightning Spire   Summ/Air       13%          41%         4


Dungeon Overview and Level Annotations

Branches:
Dungeon (4/15)             Temple (1/1) D:4           Sewer (visited)

Altars:
Ashenzari
Cheibriados
Dithmenos
Elyvilon
Fedhas
Gozag
Hepliaklqana
Kikubaaqudgha
Makhleb
Nemelex Xobeh
Qazlal
Ru
Sif Muna
Trog
Uskayaw
Wu Jian
Xom
Zin
The Shining One

Shops:
D:4 *


Innate Abilities, Weirdness & Mutations

You are too large for most types of armour.
You have tough skin. (AC +1)
Your life essence is reduced to manifest your ancestor. (-10% HP)
You are surrounded by a mild repulsion field. (EV +2)
You are frail. (-10% HP)
You are strong-willed. (Will+)


Message History

r - Retreat! s - Stop attacking. g - Guard the area. f - Follow me.
Anything else - Cancel.
Gang up on whom?
Press: ? - help, Dir - move target, f/p - orc priest
Aim: an orc priest Attack!
The orc priest invokes the aid of Beogh against you.
Beogh smites you!
The orc priest invokes the aid of Beogh against you.
Beogh smites you!
* * * LOW HITPOINT WARNING * * *
The orc priest hits your guardian golem.
The orc priest hits your guardian golem but does no damage.
The orc priest hits your guardian golem but does no damage.
The orc priest looks encouraged for a moment.
An orc priest comes into view. It is wielding a +0 club.
The orc priest invokes the aid of Beogh against you.
Beogh smites you!
You die...

######### #........
########.######
#>............######.
....o................
..#####.hR.@.......#
#. .. #.#####..###.#
#(#.. #..h..##)#<#.#
....P #####8##...#.#
#.#.. #.###..#.#
#.#.. #h#
#..#.#####.#.. #8#
#..#.#........ #o#
##.#.#.[...... ...
#.#.#........


You could see the friendly Eadwine the ancestor, an orc priest and a friendly
hound (summoned).

Vanquished Creatures
  An ogre (D:4)
  An adder (Sewer)
  2 ball pythons (Sewer)
  A bat zombie (D:3)
  2 giant cockroaches (D:3)
  3 goblins
  2 hobgoblins
  2 kobolds (D:3)
  3 bats
  4 frilled lizards
  4 rats
  A rat zombie (D:3)
26 creatures vanquished.

Vanquished Creatures (collateral kills)
  An ogre (D:4)
  2 bullfrogs (Sewer)
  An orc priest (D:3)
  A hound (D:4)
  Jessica (D:2)
  Natasha (thrice) (D:2)
  4 worker ants
  3 gnolls (D:4)
  4 adders
  An ooze (D:2)
  3 worms
  A dart slug (D:2)
  4 leopard geckos
  8 orcs
  10 giant cockroaches
  4 goblins
  6 hobgoblins
  A quokka (D:2)
  2 ball pythons (Sewer)
  4 bats (D:3)
  6 frilled lizards
  8 rats
78 creatures vanquished.

Grand Total: 104 creatures vanquished

Notes
Turn   | Place    | Note
-------+----------+-------------------------------------------
     0 | D:1      | robertstho the Ogre Summoner began the quest for the Orb.
     0 | D:1      | Reached XP level 1. HP: 16/16 MP: 3/3
   437 | D:1      | Gained mutation: You are strong-willed. (Will+) [potion of
                  | mutation]
   437 | D:1      | Gained mutation: You are frail. (-10% HP) [potion of
                  | mutation]
   437 | D:1      | Gained mutation: You are surrounded by a mild repulsion
                  | field. (EV +2) [potion of mutation]
   446 | D:1      | Reached XP level 2. HP: 2/23 MP: 0/5
   752 | D:1      | Learned a level 2 spell: Call Imp
  1228 | D:2      | Noticed Jessica
  1232 | D:2      | Killed Jessica
  1233 | D:2      | Reached skill level 1 in Fighting
  1233 | D:2      | Reached XP level 3. HP: 24/29 MP: 0/7
  1337 | D:2      | Learned a level 3 spell: Call Canine Familiar
  1731 | D:2      | Noticed Natasha
  1753 | D:2      | Killed Natasha
  2056 | D:2      | Reached skill level 3 in Spellcasting
  2062 | D:2      | Found a glowing golden altar of the Shining One.
  2224 | D:2      | Reached XP level 4. HP: 36/36 MP: 1/8
  2402 | D:2      | Found an ornate altar of the Wu Jian Council.
  2403 | D:2      | Found an opulent altar of Gozag.
  2440 | D:2      | Noticed Natasha
  2450 | D:2      | Killed Natasha
  2525 | D:2      | Noticed Natasha
  2529 | D:2      | Killed Natasha
  2607 | D:3      | Learned a level 3 spell: Summon Guardian Golem
  3074 | D:3      | Found a glowing drain.
  3093 | Sewer    | Entered a sewer
  3139 | Sewer    | Reached skill level 4 in Spellcasting
  3146 | Sewer    | Reached XP level 5. HP: 38/43 MP: 0/11
  3517 | Sewer    | Reached skill level 5 in Spellcasting
  4139 | D:3      | Reached XP level 6. HP: 51/51 MP: 9/13
  4147 | D:3      | Learned a level 4 spell: Summon Ice Beast
  4798 | D:3      | Found an ancient bone altar of Kikubaaqudgha.
  4875 | D:4      | Found a hazy altar of Hepliaklqana.
  4982 | D:4      | Reached skill level 6 in Spellcasting
  5025 | D:4      | Found Ihehamida's Assorted Antiques.
  5411 | D:4      | Found a staircase to the Ecumenical Temple.
  5438 | Temple   | Entered the Ecumenical Temple
  5529 | D:4      | Became a worshipper of Hepliaklqana the Forgotten
  5609 | D:4      | Found a bloodstained altar of Trog.
  5640 | D:4      | Killed from afar by an orc priest

Illustrated notes

Levels and vault maps discovered:
D:1:      lightli_arrival_boilingwater, layout_basic
D:2:      layout_loops_ring, marbit_many_paths,
          gammafunk_temple_overflow_statue, minmay_door_square,
          minmay_tromino_v4_c, uniq_natasha, uniq_jessica
D:3:      minmay_skewed_foursquare, layout_loops_ring,
          lemuel_zombie_altar_kikubaaqudgha, portal_sewer_entry_f, minmay_cupped
D:4:      layout_basic, bloody_trog, nicolae_overflow_crystal_walls,
          minmay_temple_entry_glass, serial_shops, shop,
          nicolae_shop_overgrown_old_shop, shop, minmay_fire_ice_demons
Temple:   cyrus_circular_temple

Skill      XL: |  1  2  3  4  5  6 |
---------------+-------------------+-----
Fighting       | 1 2 |  2.5
Dodging        | 2 |  2.3
Summonings     | 4 |  4.5
Spellcasting   | 3 4 5 6 |  6.2
Maces & Flails | |  0.5
Stealth        | |  1.5

Action                   |  1- 3 |  4- 6 || total
-------------------------+-------+-------++-------
Melee: Whip              |    48 |    20 ||    68
       Mace              |       |    46 ||    46
       Glaive            |       |     3 ||     3
 Cast: Summon Small Mamm |    18 |     2 ||    20
       Call Imp          |    10 |    35 ||    45
       Call Canine Famil |     7 |    28 ||    35
       Summon Guardian G |       |     3 ||     3
  Use: Potion            |     2 |       ||     2
       Scroll            |     1 |     9 ||    10
 Stab: Sleeping          |     2 |       ||     2
Armor: Robe              |    19 |    24 ||    43
Dodge: Dodged            |    51 |   101 ||   152

Table legend: (Time is in decaauts)
 A = Elapsed time spent in this place.
 B = Non-inter-level travel time spent in this place.
 C = Inter-level travel time spent in this place.
 D = Time resting spent in this place.
 E = Time spent auto-exploring this place.
 F = Levels seen in this place.
 G = Mean time per level.
                   A        B        C        D        E       F      G
               +--------+--------+--------+--------+--------+-----+--------+
         Total |   5782 |   5653 |    129 |    325 |   4223 |   6 |  963.7 |
       Dungeon |   4766 |   4646 |    120 |    297 |   3505 |   4 | 1191.5 |
        Temple |     59 |     50 |      9 |      0 |     50 |   1 |   59.0 |
         Sewer |    956 |    956 |      0 |     28 |    667 |   1 |  956.0 |
               +--------+--------+--------+--------+--------+-----+--------+

Top non-repeatable levels by time:
     D:2: 1506 daAuts
     D:3: 1465 daAuts
     D:1: 1086 daAuts
   Sewer: 956 daAuts
     D:4: 708 daAuts
  Temple: 59 daAuts
